 Dungeon Crawl Stone Soup version 0.27.1-33-g824d729ab1 (webtiles) character file.

Game seed: 16345421862149950806

44179 pkoi the Black Belt (level 13, -2/110 HPs)
             Began as a Purple Draconian Monk on Dec 29, 2021.
             Was an Elder of the Shining One.
             Slain by a dire elephant (8 damage)
             ... on level 6 of the Lair of Beasts.
             The game lasted 00:33:58 (19797 turns).

pkoi the Black Belt (Purple Draconian Monk)        Turns: 19797, Time: 00:33:58

Health: -2/110     AC: 17    Str: 14    XL:     13   Next: 94%
Magic:  18/19      EV: 16    Int: 15    God:    the Shining One [****..]
Gold:   1105       SH:  0    Dex: 14    Spells: 14/20 levels left

rFire    + + .     SeeInvis .     - Unarmed
rCold    + . .     Faith    .   (no shield)
rNeg     + + .     Spirit   .   (armour unavailable)
rPois    .         Reflect  .   u - +2 hat {Stlth+}
rElec    .         Harm     .   n - scarf {rC+ rF+}
rCorr    .         Rampage  .   G - +1 pair of gloves {Stlth+}
Will     +....                  p - +0 pair of boots
Stlth    ++........             w - amulet of regeneration
HPRegen  1.28/turn              k - ring of protection from fire
MPRegen  0.16/turn              A - +4 ring of protection

@: glowing
A: breathe power, AC +8, unfitting armour, cold-blooded, stinger 1
a: Breathe Dispelling Energy, Renounce Religion, Divine Shield, Cleansing Flame


You were on level 6 of the Lair of Beasts.
You worshipped the Shining One.
The Shining One was greatly pleased with you.
You visited 3 branches of the dungeon, and saw 17 of its levels.
You also visited: Ice Cave.

You collected 1105 gold pieces.

Inventory:

Hand Weapons
 c - a +0 short sword of electrocution
 g - a +2 dagger of venom
Missiles
 B - 27 poisoned darts
Armour
 n - a scarf of resistance (worn)
 p - a +0 pair of boots (worn)
 u - a +2 hat of stealth (worn)
 D - a +2 cloak
 G - a +1 pair of gloves of stealth (worn)
Jewellery
 k - a ring of protection from fire (left hand)
 v - a ring of fire
 w - an amulet of regeneration (around neck)
 A - a +4 ring of protection (right hand)
Wands
 m - a wand of flame (5)
 o - a wand of polymorph (19)
 s - a wand of iceblast (8)
 C - a wand of paralysis (18)
 F - a wand of digging (4)
 I - a wand of acid (8)
Scrolls
 a - 2 scrolls of amnesia
 d - 13 scrolls of identify
 f - 3 scrolls of magic mapping
 h - a scroll of enchant armour
 j - 4 scrolls of enchant weapon
 q - a scroll of fog
 x - 2 scrolls of blinking
 y - a scroll of teleportation
 z - 3 scrolls of fear
Potions
 b - a potion of cancellation
 e - 4 potions of might
 i - 3 potions of flight
 l - a potion of magic
 r - 9 potions of curing
 t - a potion of brilliance
 E - 3 potions of haste
 H - a potion of berserk rage
 J - 2 potions of heal wounds


   Skills:
 - Level 8.8 Fighting
 + Level 8.9 Dodging
 - Level 1.7 Stealth
 + Level 16.5 Unarmed Combat
 - Level 4.0 Spellcasting
 - Level 1.8 Conjurations
 + Level 4.6 Summonings
 - Level 3.2 Air Magic
 - Level 8.7 Invocations
 - Level 8.0 Evocations


You had 14 spell levels left.
You knew the following spells:

 Your Spells              Type           Power      Damage    Failure   Level
a - Static Discharge      Conj/Air       10%        N/A       10%         2
b - Summon Small Mammal   Summ           64%        N/A       2%          1
c - Call Canine Familiar  Summ           16%        N/A       9%          3

Your spell library contained the following spells:

 Spells                   Type           Power      Damage    Failure   Level
 Summon Guardian Golem    Hex/Summ       9%         N/A       22%         3
 Mephitic Cloud           Conj/Pois/Air  8%         N/A       26%         3
 Ignite Poison            Fire/Tmut/Pois 3%         N/A       47%         3
 Sticky Flame             Conj/Fire      5%         2d3       77%         4
 Dispel Undead            Necr           3%         3d7       87%         4
 Bolt of Magma            Conj/Fire/Erth 2%         4d4       98%         5


Dungeon Overview and Level Annotations

Branches:
Dungeon (10/15)            Temple (1/1) D:7            Lair (6/6) D:9
  Swamp (0/4) Lair:2       Spider (0/4) Lair:4        Slime (0/5) Lair:5
    Orc (0/2) D:9           IceCv (visited)

Altars:
Ashenzari
Cheibriados
Dithmenos
Elyvilon
Fedhas
Gozag
Hepliaklqana
Kikubaaqudgha
Makhleb
Nemelex Xobeh
Okawaru
Qazlal
Ru
Sif Muna
Trog
Uskayaw
Vehumet
Wu Jian
Xom
Yredelemnul
Zin
The Shining One
Jiyva

Shops:
D:1 *

Annotations:
D:9 2 transporters, dnasty's ghost, journeyman HOFi
Lair:3 3 runed translucent doors, Deed's ghost, journeyman MiFi


Innate Abilities, Weirdness & Mutations

You can breathe bolts of dispelling energy.
Your rich purple scales are hard. (AC +8)
You cannot fit into any form of body armour.
You are cold-blooded and may be slowed by cold attacks.
Your tail ends in a poisonous barb.


Message History

The dire elephant trunk-slaps you.
You hit the dire elephant but do no damage.
Your tail-slap misses the dire elephant.
The dire elephant is almost dead.
You hit the dire elephant but do no damage.
The dire elephant is almost dead.
The dire elephant tramples you but does no damage.
The dire elephant completely misses you.
Your rat bites the dire elephant but does no damage.
You hit the dire elephant but do no damage.
You tail-slap the dire elephant, but do no damage.
The dire elephant is almost dead.
The dire elephant tramples you but does no damage.
The dire elephant trunk-slaps you but does no damage.
You hit the dire elephant.
The dire elephant is almost dead.
Your rat bites the dire elephant but does no damage.
You hit the dire elephant but do no damage.
The dire elephant is almost dead.
The dire elephant tramples you!!
* * * LOW HITPOINT WARNING * * *
You stumble backwards!
Your rat bites the dire elephant but does no damage.
You hit the dire elephant.
The dire elephant is almost dead.
The dire elephant tramples you!
* * * LOW HITPOINT WARNING * * *
You stumble backwards!
You hit the dire elephant but do no damage.
The dire elephant is almost dead.
You hit the dire elephant.
The dire elephant is almost dead.
The dire elephant tramples you!!
* * * LOW HITPOINT WARNING * * *
You stumble backwards!
You hit the dire elephant but do no damage.
You punch the dire elephant, but do no damage.
The dire elephant is almost dead.
The dire elephant barely misses you. The dire elephant trunk-slaps you!
You die...

###..## ####...P..# ##...#
#####.#..P####.##......###...##
...#.#.....##...#...........##
.............................#
...............P...P.........#♣♣♣
........###....#..P.P..........♣♣
........#####.#..................
.........###..#...............#.♣
.....P....##....@...........#.#.♣
................Y.#...........#..
.#..##..#.#.....r......<....###..
.#####.#.#...................####
...##............##..........# #
.............................#
..P....#..#........#....P...##
...#..#.....................#
....##....#.................###


You could see a dire elephant (poisoned, ally target) and a friendly rat
(summoned).

Vanquished Creatures
  Gastronok (D:8)
  Josephine (Lair:5)
  10 hydras
  Erica (Lair:2)
  2 death yaks
  Pikel (D:4)
  Joseph (D:7)
  9 elephants
  2 torpor snails
  5 black mambas
  12 cane toads
  A rime drake (Lair:5)
  A gargoyle (D:8)
  9 komodo dragons
  2 entropy weaver simulacra (IceCv)
  Prince Ribbit (D:6)
  15 blink frogs
  5 dream sheep (Lair:5)
  Sigmund (D:2)
  4 wraiths
  Eustachio (D:3)
  A dire elephant simulacrum (IceCv)
  A vampire (D:9)
  2 wyverns
  39 yaks
  2 basilisks
  3 steam dragons
  3 death yak simulacra (IceCv)
  A warg (D:9)
  A spectral cane toad (Lair:6)
  A swamp worm (Lair:2)
  Edmund (D:3)
  15 water moccasins
  2 acid dragons
  Duvessa (D:7)
  2 orc warriors
  An ice beast (D:6)
  A black bear (D:4)
  A hornet zombie (D:5)
  A necrophage (D:8)
  An ogre (D:5)
  4 centaurs
  8 wolves
  A lemure (D:4)
  A phantom (D:5)
  3 kobold brigands
  Blork the orc (D:6)
  A gnoll sergeant (D:9)
  23 bullfrogs
  2 cane toad simulacra (IceCv)
  A two-headed ogre simulacrum (IceCv)
  Dowan (D:7)
  A water moccasin zombie (D:5)
  An elephant simulacrum (IceCv)
  A killer bee (D:9)
  A water moccasin skeleton (D:4)
  9 wights
  7 electric eels
  2 howler monkeys
  3 centaur zombies
  2 bullfrog zombies
  A hound (D:4)
  A bullfrog skeleton (D:5)
  2 jellies
  Crazy Yiuf (D:6)
  A gnoll shaman (D:8)
  5 orc priests
  2 centaur skeletons
  3 iguanas
  Natasha (thrice) (D:2)
  13 orc wizards
  A polar bear simulacrum (IceCv)
  Terence (D:2)
  A troll simulacrum (IceCv)
  2 killer bee zombies
  2 wolf simulacra (IceCv)
  16 gnolls
  A howler monkey skeleton (D:7)
  9 adders
  4 white imps
  2 ufetubi (IceCv)
  2 adder skeletons (D:4)
  A dart slug (D:1)
  36 orcs
  3 bats
  3 endoplasms
  3 giant cockroaches
  8 goblins
  4 hobgoblins
  12 jackals
  5 quokkas
  5 ball pythons
  4 frilled lizards
  21 kobolds
  4 rats
420 creatures vanquished.

Vanquished Creatures (others)
  A blink frog (Lair:2)
  18 fungi
  30 plants
  5 toadstools (D:1)
  11 withered plants (Lair:6)
65 creatures vanquished.

Grand Total: 485 creatures vanquished

Notes
Turn   | Place    | Note
-------+----------+-------------------------------------------
     0 | D:1      | pkoi the Draconian Monk began the quest for the Orb.
     0 | D:1      | Reached XP level 1. HP: 19/19 MP: 1/1
     8 | D:1      | Found Misoy's General Store.
   301 | D:1      | Reached XP level 2. HP: 13/26 MP: 2/2
   642 | D:1      | Reached skill level 4 in Unarmed Combat
   949 | D:1      | Found a faded altar of an unknown god.
  1003 | D:1      | Reached XP level 3. HP: 31/31 MP: 3/3
  1857 | D:2      | Noticed Terence
  1875 | D:2      | Killed Terence
  1876 | D:2      | Reached skill level 5 in Unarmed Combat
  1876 | D:2      | Reached XP level 4. HP: 31/38 MP: 4/4
  1962 | D:2      | Found a glowing golden altar of the Shining One.
  1963 | D:2      | Noticed Natasha
  1975 | D:2      | Killed Natasha
  1978 | D:2      | Became a worshipper of the Shining One
  1978 | D:2      | Reached * piety under the Shining One
  1978 | D:2      | Reached ** piety under the Shining One
  2112 | D:2      | Noticed Natasha
  2123 | D:2      | Killed Natasha
  2230 | D:2      | Noticed Sigmund
  2247 | D:2      | Killed Sigmund
  2248 | D:2      | Reached skill level 6 in Unarmed Combat
  2248 | D:2      | Reached XP level 5. HP: 19/45 MP: 5/5
  2248 | D:2      | Reached XP level 6. HP: 21/51 MP: 6/6
  2769 | D:2      | Noticed Natasha
  2775 | D:2      | Killed Natasha
  2776 | D:2      | Reached skill level 7 in Unarmed Combat
  3369 | D:3      | Gained mutation: Your tail ends in a poisonous barb.
                  | [potion of mutation]
  3868 | D:3      | Found a glowing silver altar of Zin.
  3981 | D:4      | Noticed Eustachio
  4022 | D:3      | Killed Eustachio
  4023 | D:3      | Reached skill level 8 in Unarmed Combat
  4023 | D:3      | Your scales start taking on a rich purple colour.
  4023 | D:3      | Reached XP level 7. HP: 43/57 MP: 7/7
  4134 | D:4      | Noticed Edmund
  4167 | D:3      | Killed Edmund
  4168 | D:3      | Reached skill level 9 in Unarmed Combat
  4492 | D:4      | Found a broken altar of Ashenzari.
  5032 | D:5      | Entered Level 5 of the Dungeon
  5035 | D:5      | Reached *** piety under the Shining One
  5177 | D:4      | Reached XP level 8. HP: 35/66 MP: 8/8
  6216 | D:5      | Reached skill level 1 in Evocations
  6336 | D:5      | Reached skill level 10 in Unarmed Combat
  6585 | D:5      | Noticed Pikel
  6737 | D:4      | Paralysed by Pikel for 7 turns
  6753 | D:4      | Killed Pikel
  6754 | D:4      | Reached skill level 5 in Fighting
  6754 | D:4      | Reached XP level 9. HP: 59/74 MP: 9/9
  7364 | D:6      | Noticed Blork the orc
  7378 | D:6      | Killed Blork the orc
  7672 | D:6      | Reached skill level 5 in Dodging
  7672 | D:6      | Reached skill level 11 in Unarmed Combat
  7736 | D:6      | Noticed Prince Ribbit
  7758 | D:6      | Killed Prince Ribbit
  7759 | D:6      | Reached skill level 1 in Invocations
  8190 | D:6      | Found a runed translucent door.
  8191 | D:6      | Noticed Crazy Yiuf
  8452 | D:6      | Killed Crazy Yiuf
  8555 | D:7      | Noticed Duvessa
  8555 | D:7      | Noticed Dowan
  8693 | D:7      | Killed Duvessa
  8732 | D:7      | Killed Dowan
  8760 | D:7      | Found a basalt altar of Yredelemnul.
  8763 | D:7      | Found a sparkling altar of Nemelex Xobeh.
  8851 | D:7      | Found a shimmering blue altar of Sif Muna.
  8950 | D:7      | Noticed Joseph
  8953 | D:7      | Found a staircase to the Ecumenical Temple.
  8972 | D:7      | Killed Joseph
  8973 | D:7      | Reached XP level 10. HP: 14/84 MP: 8/12
  9163 | Temple   | Entered the Ecumenical Temple
  9388 | D:7      | Found an ornate altar of the Wu Jian Council.
  9901 | D:8      | Reached **** piety under the Shining One
 10403 | D:8      | Noticed a gargoyle
 10411 | D:8      | Killed a gargoyle
 10412 | D:8      | Reached skill level 12 in Unarmed Combat
 10507 | D:9      | Found a transporter.
 10584 | D:9      | Noticed dnasty's ghost (journeyman HOFi)
 10584 | D:9      | Noticed a two-headed ogre
 10585 | D:9      | Found a transporter.
 10586 | D:9      | Noticed a two-headed ogre
 10588 | D:9      | Noticed a two-headed ogre
 10596 | D:9      | Noticed Gastronok
 10628 | D:8      | Killed Gastronok
 10702 | D:9      | Found a staircase to the Lair.
 10723 | D:9      | Reached skill level 5 in Invocations
 10945 | D:9      | Found a staircase to the Orcish Mines.
 11038 | D:9      | Reached XP level 11. HP: 94/94 MP: 15/15
 11360 | D:9      | Reached skill level 13 in Unarmed Combat
 11473 | D:10     | Entered Level 10 of the Dungeon
 11502 | D:10     | Reached ***** piety under the Shining One
 11791 | D:10     | Noticed a wizard
 11792 | D:10     | Noticed a deep elf annihilator
 11792 | D:10     | Noticed an orc sorcerer
 11805 | D:10     | Noticed a four-headed hydra
 11814 | D:10     | Killed a four-headed hydra
 11845 | Lair:1   | Entered Level 1 of the Lair of Beasts
 12352 | Lair:1   | Reached skill level 14 in Unarmed Combat
 12699 | Lair:1   | Learned a level 2 spell: Static Discharge
 12926 | Lair:1   | Reached skill level 1 in Spellcasting
 12926 | Lair:1   | Reached skill level 1 in Conjurations
 12926 | Lair:1   | Reached skill level 1 in Air Magic
 13250 | Lair:1   | Noticed a four-headed hydra
 13269 | Lair:1   | Killed a four-headed hydra
 13530 | Lair:2   | Noticed a death yak
 13552 | Lair:2   | Killed a death yak
 13553 | Lair:2   | Reached skill level 15 in Unarmed Combat
 13553 | Lair:2   | Reached skill level 5 in Evocations
 13553 | Lair:2   | Reached XP level 12. HP: 92/101 MP: 14/16
 13632 | Lair:2   | Noticed a four-headed hydra
 13680 | Lair:2   | Killed a four-headed hydra
 13712 | Lair:2   | Found a frozen archway.
 13721 | IceCv    | Entered an ice cave
 14571 | Lair:2   | Noticed Erica
 14580 | Lair:2   | Killed Erica
 14722 | Lair:2   | Noticed a six-headed hydra
 14740 | Lair:2   | Killed a six-headed hydra
 14849 | Lair:2   | Found a staircase to the Swamp.
 15527 | Lair:3   | Reached skill level 16 in Unarmed Combat
 15570 | Lair:3   | Found a runed translucent gate.
 15587 | Lair:3   | Found a runed translucent gate.
 15587 | Lair:3   | Noticed a minotaur
 15588 | Lair:3   | Found a runed translucent gate.
 15590 | Lair:3   | Noticed Deed's ghost (journeyman MiFi)
 15590 | Lair:3   | Noticed an eight-headed hydra
 15602 | Lair:3   | Reached XP level 13. HP: 107/107 MP: 18/18
 15616 | Lair:3   | Learned a level 1 spell: Summon Small Mammal
 15620 | Lair:3   | Learned a level 3 spell: Call Canine Familiar
 15759 | Lair:3   | Reached skill level 1 in Summonings
 16715 | Lair:4   | Found a hole to the Spider Nest.
 17449 | Lair:5   | You fall into a shaft and drop 1 floor!
 17449 | Lair:6   | Entered Level 6 of the Lair of Beasts
 17539 | Lair:5   | Found a staircase to the Slime Pits.
 17539 | Lair:5   | Found a viscous altar of Jiyva.
 17737 | Lair:5   | Noticed Josephine
 17777 | Lair:5   | Killed Josephine
 18446 | Lair:5   | Identified the +9 falchion of Day {vorpal, SInv}
 19296 | Lair:6   | Identified the +8 trident of Okawaru's Favour {vorpal,
                  | rPois rCorr Str+2 Dex+2}
 19543 | Lair:6   | Noticed a dire elephant
 19543 | Lair:6   | Noticed a dire elephant
 19543 | Lair:6   | Noticed a dire elephant
 19724 | Lair:6   | Noticed a dire elephant
 19796 | Lair:6   | HP: 5/110 [dire elephant (23)]
 19797 | Lair:6   | Slain by a dire elephant

Illustrated notes

Levels and vault maps discovered:
D:1:      ldierk_walled_garden, layout_basic, serial_shops, shop_coins,
          shapermc_ecumenical_altar_ellora, minivault_5, minmay_misc_feat_iff,
          minmay_surrounded
D:2:      layout_loops_ring, basic_altar, uniq_terence, uniq_sigmund,
          uniq_natasha
D:3:      layout_loops_corners, zin_treasury
D:4:      layout_cave_pools, lemuel_coloured_pillars_altar, uniq_edmund,
          uniq_eustachio
D:5:      minmay_inner_zag, layout_cave_pools, uniq_pikel
D:6:      layout_loops_ring, uniq_crazy_yiuf_cottage, uniq_prince_ribbit1,
          uniq_blork_the_orc
D:7:      layout_cave_pools, nicolae_sif_muna_condensation,
          nzn_wu_jian_contemplation, minitemple, minmay_temple_entry_junction,
          lightli_orcish_oven, uniq_joseph, uniq_duvessa
D:8:      layout_basic, minmay_fractal_squares_gapless_5
D:9:      minmay_general_purpose_star, layout_basic, erik_orc_3,
          gammafunk_ghost_smash, uniq_gastronok
D:10:     cheibrodos_wizards_tower, layout_cave_pods, serial_bayou,
          serial_bayou_ford_a, serial_bayou_pond_b, serial_bayou_lake_a,
          serial_bayou_lagoon_b
Temple:   eino_temple_scatter_basement
Lair:1:   cheibrodos_lair_river_kwai, layout_hall_layers, minivault_26,
          beast_lair_carwin_4, grunt_megastairs_5
Lair:2:   layout_roguey, palyth_hydra_swamp_entry,
          portal_ice_cave_entry_pillars_2, st_stairs_13, ldierk_geyser,
          uniq_erica
Lair:3:   layout_long_grid, maelrawn_ghost_gauntlet_escape,
          eino_small_chamber_without_monster, serial_bayou_shore_b,
          grunt_megastairs_3
Lair:4:   layout_regular_city, spider_nest_entry_web_field
Lair:5:   layout_gridlike, slime_altar_1, grunt_megastairs_4, uniq_josephine
Lair:6:   due_jungle_book, layout_loops_ring, serial_bayou_crossing,
          lemuel_fruit_fields

Skill      XL: |  1  2  3  4  5  6  7  8  9 10 11 12 13 |
---------------+----------------------------------------+-----
Unarmed Combat | 4 5 6 8 9 10 11 12 15 16 | 16.5
Dodging        | 3 4 5 6 7 8 |  8.9
Fighting       | 5 6 7 8 |  8.8
Evocations     | 3 4 5 8 |  8.0
Invocations    | 2 5 7 8 |  8.7
Spellcasting   | 2 4 |  4.0
Conjurations   | 1 |  1.8
Air Magic      | 1 3 |  3.2
Summonings     | 4 |  4.6
Stealth        | |  1.7

Action                   |  1- 3 |  4- 6 |  7- 9 | 10-12 | 13-15 || total
-------------------------+-------+-------+-------+-------+-------++-------
Melee: Unarmed           |    89 |    83 |   337 |   758 |   383 ||  1650
       Tailslap          |    18 |    14 |    57 |   109 |    83 ||   281
       Punch             |     3 |     4 |    13 |    48 |    30 ||    98
       Dagger            |    44 |    42 |    41 |       |    58 ||   185
 Cast: Summon Small Mamm |       |       |       |       |     6 ||     6
       Static Discharge  |       |       |       |       |     2 ||     2
Invok: Divine Shield     |       |       |     1 |    18 |    17 ||    36
 Abil: Breathe Dispellin |       |       |     2 |       |     1 ||     3
Evoke: Wand              |       |       |       |    41 |    11 ||    52
  Use: Potion            |       |     5 |     4 |     2 |       ||    11
       Scroll            |       |       |     8 |    13 |     2 ||    23
 Stab: Sleeping          |       |     1 |       |       |       ||     1
Armor: Skin              |    40 |    45 |   139 |   198 |   164 ||   586
Dodge: Dodged            |    71 |    72 |   277 |   403 |   272 ||  1095
Block: Other             |       |       |     3 |    92 |   107 ||   202
